 Dungeon Crawl Stone Soup version 0.29.0-4-gdea44cf6ec (webtiles) character file.

Game seed: 4073369375875677255

1922 qw the Grappler (level 9, -3/75 HPs)
             Began as a Ghoul Enchanter on Sept 4, 2022.
             Slain by Maggie
             ... wielding a +4 war axe of distortion
              (4 damage)
             ... on level 6 of the Dungeon.
             The game lasted 00:03:28 (7216 turns).

qw the Grappler (Ghoul Enchanter)                   Turns: 7216, Time: 00:03:29

Health: -3/75      AC: 16    Str: 16    XL:     9   Next: 17%
Magic:  10/10      EV:  5    Int: 10    God:
Gold:   302        SH:  5    Dex:  9    Spells: 11/11 levels left

rFire   . . .      SeeInvis .     - Unarmed
rCold   + + .      Faith    .   (no shield)
rNeg    + + +      Spirit   .   q - +0 plate armour
rPois   inf        Reflect  +   b - +1 helmet
rElec   .          Harm     .   a - +0 cloak
rCorr   .          Rampage  .   m - +0 pair of gloves
Will    .....                   (no boots)
Stlth   ..........              o - amulet of reflection
HPRegen 0.00/turn               f - ring of protection from cold
MPRegen 0.12/turn               (no ring)

@: mesmerised, inhibited regen
A: claws 1, cold resistance 1, negative energy resistance 3, inhibited
regeneration, torment resistance 2, devour on kill
a: no special abilities


You were on level 6 of the Dungeon.
You visited 1 branch of the dungeon, and saw 6 of its levels.

You collected 302 gold pieces.


Innate Abilities, Weirdness & Mutations

You are immune to poison.
You have sharp fingernails.
Your flesh is cold resistant. (rC+)
You are immune to negative energy. (rN+++)
You do not regenerate when monsters are visible.
You are immune to unholy pain and torment.
You thrive by killing the living.


   Skills:
 + Level 5.7 Fighting
 - Level 0.8 Short Blades
 - Level 4.0 Armour
 - Level 1.7 Dodging
 - Level 3.2 Stealth
 - Level 10.0 Unarmed Combat
 - Level 1.7 Spellcasting
 - Level 2.4 Hexes


You had 11 spell levels left.
You didn't know any spells.
Your spell library contained the following spells:

 Spells                   Type           Power      Damage    Failure   Level
 Ensorcelled Hibernation  Hex/Ice        6%         N/A       100%        2
 Confusing Touch          Hex            5%         N/A       100%        3
 Dazzling Flash           Conj/Hex       6%         N/A       100%        3
 Tukima's Dance           Hex            5%         N/A       100%        3

Inventory:

Armour
 a - a +0 cloak (worn)
 b - a +1 helmet (worn)
 d - a +2 pair of gloves
 m - a +0 pair of gloves (worn)
 q - a +0 plate armour (worn)
Jewellery
 f - a ring of protection from cold (left hand)
 o - an amulet of reflection (around neck)
Scrolls
 g - a scroll of brand weapon
 j - a scroll of identify
 l - a scroll of noise {unknown}
Potions
 c - a potion of berserk rage {unknown}
 h - a potion of resistance {unknown}
 i - a potion of attraction {unknown}
 k - a potion of might {unknown}
 n - a potion of brilliance {unknown}
 p - a potion of flight {unknown}
 r - 2 potions of curing {unknown}
 s - a potion of magic {unknown}

Dungeon Overview and Level Annotations

Branches:
Dungeon (6/15)
 Temple: D:4-7

Altars:
Ashenzari
Kikubaaqudgha
Qazlal
Xom

Shops:
D:4 :

Annotations:
D:6 1 runed translucent door, Crazy Yiuf, Maggie


Message History

Maggie is lightly wounded.
You barely miss Maggie.
Maggie is lightly wounded.
Maggie hits you but does no damage.
You hit Maggie.
Maggie is moderately wounded.
Maggie gestures wildly while chanting.
Maggie attempts to bespell you!
You are mesmerised by Maggie!
You punch Maggie!
Maggie is moderately wounded.
Maggie barely misses you.
You hit Maggie but do no damage.
Maggie is moderately wounded.
Maggie hits you with a +4 war axe of distortion.
You barely miss Maggie.
Maggie is moderately wounded.
Maggie hits you with a +4 war axe of distortion.
Space warps around you.
You hit Maggie. You punch Maggie, but do no damage.
Maggie is heavily wounded.
You hit Maggie.
Maggie is heavily wounded.
Maggie hits you but does no damage. Space warps around you.
You punch Maggie! Your punch misses Maggie.
Maggie is severely wounded.
Maggie hits you with a +4 war axe of distortion!
Space warps around you.
7214 ||| DRINKING potion of heal wounds.
You feel much better.
Maggie hits you with a +4 war axe of distortion.
Space warps around you.
You closely miss Maggie.
Maggie is severely wounded.
Maggie hits you with a +4 war axe of distortion.
Space warps horribly around you!!
You hit Maggie.
Maggie is severely wounded.
Maggie hits you with a +4 war axe of distortion.
You die...

########.# #.#...#..
.........########.#...#..
..................!...###
........#########.#......
.....(....# #.#......
........#.# ##.#.#....
........#.# ...#.......(
###.#####>#.....###......
#. #.)@@......# ####... .
#.)........# ##.. #
#..........# ####..
####.#.....####.....
#.#.....##.....#.
#.#.....#).....#.
#.#..####....###. ..
##..## #. #))..# #.


You could see Maggie (mesmerising).

Vanquished Creatures
  A wyvern (D:6)
  Eustachio (D:6)
  A steam dragon (D:6)
  Menkaure (D:4)
  A water moccasin (D:4)
  3 ice beasts
  An ogre (D:5)
  A phantom (D:5)
  3 centaurs
  4 scorpions
  2 hounds (D:6)
  Ijyb (D:3)
  2 iguanas
  Robin (D:2)
  3 gnolls (D:3)
  8 adders
  A shadow imp (D:5)
  A worm (D:3)
  3 dart slugs
  5 orcs
  6 ball pythons
  4 endoplasms
  3 giant cockroaches
  4 hobgoblins
  15 jackals
  14 kobolds
  4 quokkas
  7 bats
  3 frilled lizards
  14 goblins
  8 rats
  A rat zombie (D:4)
127 creatures vanquished.

Vanquished Creatures (others)
  9 plants (D:2)
9 creatures vanquished.

Grand Total: 136 creatures vanquished

Notes
Turn   | Place    | Note
-------+----------+-------------------------------------------
     0 | D:1      | qw the Ghoul Enchanter began the quest for the Orb.
     0 | D:1      | Reached XP level 1. HP: 14/14 MP: 2/2
     0 | D:1      | 0 ||| qw: Version: 0.1-a-103-gd6f5d3a
     0 | D:1      | 0 ||| qw: Game counter: 5644
     0 | D:1      | 0 ||| qw: Always use a shield: true
     0 | D:1      | 0 ||| qw: God list: Okawaru
     0 | D:1      | 0 ||| qw: Allow faded altars: false
     0 | D:1      | 0 ||| qw: Do Orc after D:15 true
     0 | D:1      | 0 ||| qw: Do second Lair branch before Depths: true
     0 | D:1      | 0 ||| qw: Lair rune preference: random
     0 | D:1      | 0 ||| qw: Plans: Normal
     0 | D:1      | 0 ||| PLANNING D:1-11
     1 | D:1      | 1 ||| DROPPING +1 dagger.
    13 | D:1      | 13 ||| Stepping ~*~*~tactically~*~*~ (stealth).
   251 | D:1      | Reached skill level 1 in Unarmed Combat
   356 | D:1      | 356 ||| Stepping ~*~*~tactically~*~*~ (stealth).
   394 | D:1      | 394 ||| Stepping ~*~*~tactically~*~*~ (stealth).
   414 | D:1      | Reached skill level 1 in Fighting
   414 | D:1      | Reached XP level 2. HP: 22/23 MP: 3/3
   878 | D:1      | Reached skill level 2 in Unarmed Combat
  1007 | D:1      | 1007 ||| UPGRADING to +0 cloak.
  1012 | D:1      | 1012 ||| UPGRADING to +0 scale mail.
  1022 | D:1      | 1022 ||| DROPPING +0 robe.
  1023 | D:1      | 1023 ||| READING scroll labelled EBBU WEESOOPAT.
  1028 | D:1      | 1028 ||| DRINKING 2 silvery potions.
  1029 | D:1      | 1029 ||| DROPPING 2 potions of invisibility.
  1060 | D:2      | 1060 ||| Stepping ~*~*~tactically~*~*~ (stealth).
  1073 | D:2      | Reached XP level 3. HP: 23/28 MP: 4/4
  1274 | D:2      | Found a faded altar of an unknown god.
  1304 | D:2      | 1304 ||| Stepping ~*~*~tactically~*~*~ (stealth).
  1308 | D:2      | 1308 ||| Stepping ~*~*~tactically~*~*~ (outnumbered).
  1309 | D:2      | 1309 ||| Stepping ~*~*~tactically~*~*~ (outnumbered).
  1310 | D:2      | 1310 ||| Stepping ~*~*~tactically~*~*~ (outnumbered).
  1312 | D:2      | 1312 ||| Stepping ~*~*~tactically~*~*~ (outnumbered).
  1313 | D:2      | 1313 ||| Stepping ~*~*~tactically~*~*~ (outnumbered).
  1317 | D:2      | 1317 ||| Stepping ~*~*~tactically~*~*~ (outnumbered).
  1320 | D:2      | 1320 ||| Stepping ~*~*~tactically~*~*~ (outnumbered).
  1325 | D:2      | 1325 ||| Stepping ~*~*~tactically~*~*~ (outnumbered).
  1348 | D:2      | 1348 ||| Stepping ~*~*~tactically~*~*~ (stealth).
  1351 | D:2      | 1351 ||| Stepping ~*~*~tactically~*~*~ (stealth).
  1511 | D:2      | Reached skill level 3 in Unarmed Combat
  1631 | D:2      | 1631 ||| Stepping ~*~*~tactically~*~*~ (stealth).
  1657 | D:2      | HP: 5/28 [adder (3)]
  1658 | D:2      | 1658 ||| READING scroll of teleportation.
  1658 | D:2      | HP: 2/28 [kobold/+0 dagger (3)]
  1659 | D:2      | 1659 ||| DRINKING potion of heal wounds.
  1696 | D:2      | 1696 ||| Stepping ~*~*~tactically~*~*~ (stealth).
  1697 | D:2      | 1697 ||| Stepping ~*~*~tactically~*~*~ (stealth).
  1698 | D:2      | 1698 ||| Stepping ~*~*~tactically~*~*~ (stealth).
  1735 | D:2      | Reached XP level 4. HP: 30/35 MP: 5/5
  1746 | D:2      | 1746 ||| Stepping ~*~*~tactically~*~*~ (stealth).
  1748 | D:2      | 1748 ||| Stepping ~*~*~tactically~*~*~ (stealth).
  1749 | D:2      | 1749 ||| Stepping ~*~*~tactically~*~*~ (stealth).
  1838 | D:2      | Noticed Robin
  1852 | D:2      | Killed Robin
  1853 | D:2      | 1853 ||| FLEEEEING.
  1854 | D:2      | 1854 ||| FLEEEEING.
  1855 | D:2      | 1855 ||| FLEEEEING.
  1856 | D:2      | 1856 ||| STAIRDANCE
  1911 | D:1      | 1911 ||| DROPPING ring of wizardry.
  1912 | D:1      | 1912 ||| READING scroll labelled JILIT MUIDARUZ.
  1913 | D:1      | 1913 ||| READING scroll labelled DANYAW QOADYN.
  1914 | D:1      | 1914 ||| READING scroll labelled OCWYPY XOLYR.
  2017 | D:2      | 2017 ||| STAIRDANCE
  2019 | D:1      | 2019 ||| Stepping ~*~*~tactically~*~*~ (outnumbered).
  2020 | D:1      | 2020 ||| Stepping ~*~*~tactically~*~*~ (outnumbered).
  2021 | D:1      | 2021 ||| Stepping ~*~*~tactically~*~*~ (outnumbered).
  2022 | D:1      | 2022 ||| Stepping ~*~*~tactically~*~*~ (outnumbered).
  2023 | D:1      | 2023 ||| Stepping ~*~*~tactically~*~*~ (outnumbered).
  2024 | D:1      | 2024 ||| Stepping ~*~*~tactically~*~*~ (outnumbered).
  2025 | D:1      | 2025 ||| Stepping ~*~*~tactically~*~*~ (outnumbered).
  2026 | D:1      | 2026 ||| Stepping ~*~*~tactically~*~*~ (outnumbered).
  2031 | D:1      | Reached skill level 4 in Unarmed Combat
  2483 | D:2      | 2483 ||| UPGRADING to +0 helmet.
  2488 | D:2      | 2488 ||| READING scroll labelled YZXOET PAPSENT.
  2726 | D:3      | 2726 ||| READING scroll of enchant armour.
  2726 | D:3      | 2726 ||| ENCHANTING +0 helmet.
  2740 | D:3      | 2740 ||| Stepping ~*~*~tactically~*~*~ (stealth).
  2750 | D:3      | 2750 ||| Stepping ~*~*~tactically~*~*~ (outnumbered).
  2758 | D:3      | Reached XP level 5. HP: 28/41 MP: 6/6
  2777 | D:3      | 2777 ||| FLEEEEING.
  2778 | D:3      | 2778 ||| FLEEEEING.
  2779 | D:3      | 2779 ||| FLEEEEING.
  2780 | D:3      | 2780 ||| FLEEEEING.
  2781 | D:3      | 2781 ||| FLEEEEING.
  2782 | D:3      | 2782 ||| Stepping ~*~*~tactically~*~*~ (stealth).
  2784 | D:3      | 2784 ||| Stepping ~*~*~tactically~*~*~ (stealth).
  2788 | D:3      | 2788 ||| Stepping ~*~*~tactically~*~*~ (stealth).
  2835 | D:3      | 2835 ||| FLEEEEING.
  3007 | D:3      | 3007 ||| Stepping ~*~*~tactically~*~*~ (stealth).
  3008 | D:3      | 3008 ||| Stepping ~*~*~tactically~*~*~ (stealth).
  3319 | D:3      | 3319 ||| Stepping ~*~*~tactically~*~*~ (outnumbered).
  3320 | D:3      | 3320 ||| Stepping ~*~*~tactically~*~*~ (outnumbered).
  3321 | D:3      | 3321 ||| Stepping ~*~*~tactically~*~*~ (outnumbered).
  3372 | D:3      | Noticed Ijyb
  3373 | D:3      | 3373 ||| Stepping ~*~*~tactically~*~*~ (hiding).
  3394 | D:3      | HP: 10/41 [Ijyb/+2 dagger of holy wrath (2)]
  3395 | D:3      | 3395 ||| READING scroll of teleportation.
  3396 | D:3      | 3396 ||| DRINKING 2 potions of heal wounds.
  3579 | D:3      | 3579 ||| Stepping ~*~*~tactically~*~*~ (stealth).
  3580 | D:3      | 3580 ||| Stepping ~*~*~tactically~*~*~ (stealth).
  3581 | D:3      | 3581 ||| Stepping ~*~*~tactically~*~*~ (stealth).
  3599 | D:3      | Killed Ijyb
  3600 | D:3      | Reached skill level 5 in Unarmed Combat
  3770 | D:3      | 3770 ||| Stepping ~*~*~tactically~*~*~ (hiding).
  4055 | D:3      | 4055 ||| READING scroll labelled PERI WEOTWAITT.
  4056 | D:3      | 4056 ||| READING 2 scrolls labelled IRANKO KUL ITY.
  4057 | D:3      | 4057 ||| READING scroll labelled AGANUGGUIWK.
  4058 | D:3      | 4058 ||| DROPPING scroll of amnesia.
  4122 | D:4      | Identified the +1 leather armour "Ibruor" {rN+ SInv}
  4177 | D:4      | Noticed Menkaure
  4188 | D:4      | Killed Menkaure
  4189 | D:4      | Reached XP level 6. HP: 28/48 MP: 7/7
  4362 | D:4      | Found an ancient bone altar of Kikubaaqudgha.
  4588 | D:4      | Found Afoq's Book Boutique.
  4808 | D:4      | 4808 ||| DROPPING +1 leather armour "Ibruor" {rN+ SInv}.
  4809 | D:4      | 4809 ||| UPGRADING to +0 pair of gloves.
  4814 | D:4      | 4814 ||| UPGRADING to +0 plate armour.
  4824 | D:4      | 4824 ||| DROPPING +0 scale mail.
  4825 | D:4      | 4825 ||| UPGRADING to amulet of regeneration.
  4830 | D:4      | 4830 ||| UPGRADING to amulet of reflection.
  4840 | D:4      | 4840 ||| DROPPING amulet of regeneration.
  4854 | D:5      | Entered Level 5 of the Dungeon
  4854 | D:5      | Noticed a water moccasin
  4858 | D:5      | 4858 ||| STAIRDANCE
  4882 | D:4      | Killed a water moccasin
  4883 | D:4      | Reached skill level 6 in Unarmed Combat
  4883 | D:4      | Reached XP level 7. HP: 34/55 MP: 8/8
  5049 | D:5      | HP: 3/56 [ogre/+0 giant spiked club (32)]
  5050 | D:5      | 5050 ||| DRINKING 2 potions of heal wounds.
  5052 | D:5      | Reached skill level 3 in Fighting
  5501 | D:5      | Reached skill level 7 in Unarmed Combat
  5579 | D:5      | Found a stormy altar of Qazlal.
  5610 | D:5      | 5610 ||| Stepping ~*~*~tactically~*~*~ (stealth).
  5615 | D:5      | 5615 ||| Stepping ~*~*~tactically~*~*~ (outnumbered).
  5616 | D:5      | 5616 ||| Stepping ~*~*~tactically~*~*~ (outnumbered).
  5617 | D:5      | 5617 ||| Stepping ~*~*~tactically~*~*~ (outnumbered).
  5618 | D:5      | 5618 ||| Stepping ~*~*~tactically~*~*~ (outnumbered).
  5619 | D:5      | 5619 ||| Stepping ~*~*~tactically~*~*~ (outnumbered).
  5622 | D:5      | 5622 ||| Stepping ~*~*~tactically~*~*~ (outnumbered).
  5623 | D:5      | 5623 ||| Stepping ~*~*~tactically~*~*~ (outnumbered).
  5636 | D:5      | Reached XP level 8. HP: 61/66 MP: 9/9
  5719 | D:5      | 5719 ||| Stepping ~*~*~tactically~*~*~ (hiding).
  5729 | D:5      | Reached skill level 8 in Unarmed Combat
  6016 | D:5      | 6016 ||| Stepping ~*~*~tactically~*~*~ (stealth).
  6018 | D:5      | 6018 ||| Stepping ~*~*~tactically~*~*~ (stealth).
  6127 | D:5      | Reached skill level 3 in Armour
  6217 | D:5      | 6217 ||| UPGRADING to ring of protection from cold.
  6218 | D:5      | 6218 ||| READING scroll labelled IBLAIM ZARGH.
  6219 | D:5      | 6219 ||| READING scroll labelled EDIJESUN XENKE.
  6220 | D:5      | 6220 ||| READING 2 scrolls labelled PAUROMM DIRI.
  6221 | D:5      | 6221 ||| READING scroll labelled NUAWNA ZAXIRR.
  6222 | D:5      | 6222 ||| DRINKING 2 fizzy red potions.
  6223 | D:5      | 6223 ||| DROPPING potion of lignification.
  6224 | D:5      | 6224 ||| DROPPING scroll of magic mapping.
  6265 | D:6      | Noticed Eustachio
  6269 | D:6      | 6269 ||| Stepping ~*~*~tactically~*~*~ (stealth).
  6310 | D:6      | 6310 ||| Stepping ~*~*~tactically~*~*~ (outnumbered).
  6311 | D:6      | 6311 ||| Stepping ~*~*~tactically~*~*~ (outnumbered).
  6373 | D:6      | 6373 ||| FLEEEEING.
  6374 | D:6      | 6374 ||| FLEEEEING.
  6390 | D:6      | Killed Eustachio
  6391 | D:6      | Reached skill level 9 in Unarmed Combat
  6561 | D:6      | Found a shimmering altar of Xom.
  6561 | D:6      | Found a shimmering altar of Xom.
  6562 | D:6      | Found a shimmering altar of Xom.
  6562 | D:6      | Found a shimmering altar of Xom.
  6671 | D:6      | Noticed a wyvern
  6681 | D:6      | Killed a wyvern
  6821 | D:6      | Found a broken altar of Ashenzari.
  6840 | D:6      | 6840 ||| Stepping ~*~*~tactically~*~*~ (hiding).
  6845 | D:6      | 6845 ||| Stepping ~*~*~tactically~*~*~ (outnumbered).
  6866 | D:6      | Reached skill level 10 in Unarmed Combat
  6876 | D:6      | Reached XP level 9. HP: 29/74 MP: 10/10
  6876 | D:6      | 6876 ||| Stepping ~*~*~tactically~*~*~ (cloud).
  6878 | D:6      | 6878 ||| Stepping ~*~*~tactically~*~*~ (cloud).
  6879 | D:6      | 6879 ||| Stepping ~*~*~tactically~*~*~ (cloud).
  7115 | D:6      | Found a runed translucent door.
  7116 | D:6      | Noticed Crazy Yiuf
  7201 | D:6      | Noticed Maggie
  7213 | D:6      | HP: 17/75 [Maggie/+4 war axe of distortion (6)]
  7214 | D:6      | 7214 ||| DRINKING potion of heal wounds.
  7215 | D:6      | HP: 1/75 [Maggie/+4 war axe of distortion (23)]
  7216 | D:6      | Slain by Maggie

Levels and vault maps discovered:
D:1:      dpeg_arrival_tiny_b, layout_rooms
D:2:      minmay_spotlight, layout_loops_ring, dreamdust_ecumenical_altar_grove,
          lexackson_kobold_supper, uniq_robin
D:3:      kennysheep_goblin_castle, layout_loops_ring, old_standard_altar
D:4:      layout_basic, lemuel_zombie_altar_kikubaaqudgha, serial_shops, shop,
          uniq_menkaure
D:5:      layout_cave_pods, nicolae_qazlal_scattered_showers
D:6:      layout_basic, xom_redecorated, nicolae_wu_jian_immortal_techniques,
          evilmike_ruin_ashenzari, hangedman_abyss_or_decor_lesser_grid,
          uniq_maggie, uniq_eustachio, uniq_crazy_yiuf_cottage

Skill      XL: |  1  2  3  4  5  6  7  8  9 |
---------------+----------------------------+-----
Unarmed Combat | 1 2 3 4 5 6 7 10 | 10.0
Fighting       | 1 2 3 5 |  5.7
Armour         | 2 3 4 |  4.0
Short Blades   | |  0.8
Dodging        | |  1.7
Stealth        | |  3.2
Spellcasting   | |  1.7
Hexes          | |  2.4

Action                   |  1- 3 |  4- 6 |  7- 9 || total
-------------------------+-------+-------+-------++-------
Melee: Unarmed           |   157 |   236 |   320 ||   713
       Punch             |     1 |     6 |    21 ||    28
  Use: Scroll            |     2 |     9 |     4 ||    15
       Potion            |     2 |     1 |     3 ||     6
 Stab: Distracted        |       |     1 |       ||     1
Armor: Robe              |     7 |       |       ||     7
       Scale mail        |    47 |   131 |       ||   178
       Plate armour      |       |    16 |   207 ||   223
Dodge: Dodged            |    74 |   110 |    55 ||   239
Block: Other             |       |     4 |    67 ||    71

Table legend:
 A = Non-vault XP
 B = Vault XP
 C = Vault XP percentage of total XP
 D = Non-vault monster count
 E = Vault monster count
 F = Vault count percentage of total count
                 A         B        C        D         E       F
            +---------+---------+-------+---------+---------+-------
      Total |    2264 |     483 |  17.6 |      92 |      35 |  27.6
            +---------+---------+-------+---------+---------+-------
        D:1 |      29 |       8 |  21.6 |      19 |       4 |  17.4
        D:2 |      43 |      48 |  52.7 |      13 |      16 |  55.2
        D:3 |      77 |      60 |  43.8 |      16 |      12 |  42.9
        D:4 |     190 |     170 |  47.2 |      10 |       2 |  16.7
        D:5 |     854 |       0 |   0.0 |      23 |       0 |   0.0
        D:6 |    1071 |     197 |  15.5 |      11 |       1 |   8.3
            +---------+---------+-------+---------+---------+-------
